 Dungeon Crawl Stone Soup version 0.31-a0-7-g51783674b7 (webtiles) character file.

Game seed: 17172409879412159687

43 cheesebisquit the Conjurer (level 3, 0/31 HPs)
             Began as a Draconian Conjurer on May 5, 2023.
             Slain by a sleepcap (5 damage)
             ... on level 2 of the Dungeon.
             The game lasted 00:03:39 (1417 turns).

cheesebisquit the Conjurer (Draconian Conjurer)     Turns: 1417, Time: 00:03:40

Health: 0/31       AC:  5    Str:  9    XL:     3   Next: 37%
Magic:  0/6        EV: 12    Int: 20    God:
Gold:   48         SH:  0    Dex:  9    Spells: 5/6 levels left

rFire   . . .        k - +0 hand axe
rCold   . . .        (no shield)
rNeg    . . .        (body armour unavailable)
rPois   .            (helmet restricted)
rElec   .            (no cloak)
rCorr   .            (no gloves)
SInv    .            (no boots)
Will    .....        (no amulet)
Stlth   ++           (no ring)
HPRegen 0.25/turn    (no ring)
MPRegen 0.10/turn

%: no passive effects
@: no status effects
A: AC +5, unfitting armour, cold-blooded
a: no special abilities


You were on level 2 of the Dungeon.
You visited 1 branch of the dungeon, and saw 2 of its levels.

You collected 48 gold pieces.

Inventory:

Hand Weapons
 e - a +0 spear
 g - a +0 flail
 k - a +0 hand axe (weapon)
Missiles
 d - 4 curare-tipped darts
Armour
 f - a +0 kite shield
Scrolls
 b - a scroll of fog {unknown}
 h - 3 scrolls of identify {unknown}
 j - a scroll of blinking {unknown}
 m - a scroll of magic mapping {unknown}
Potions
 c - a potion of berserk rage {unknown}
 i - a potion of curing {unknown}
 l - a potion of might {unknown}


   Skills:
 + Level 3.4 Fighting
 - Level 1.7 Dodging
 - Level 1.7 Stealth
 - Level 2.0 Spellcasting
 - Level 4.0 Conjurations


You had 5 spell levels left.
You knew the following spells:

 Your Spells              Type           Power      Damage    Failure   Level
a - Magic Dart            Conj           72%        1d6       3%          1

Your spell library contained the following spells:

 Spells                   Type           Power      Damage    Failure   Level
 Searing Ray              Conj           36%        2d5       4%          2
 Apportation              Tloc           4%         N/A       16%         1
 Dazzling Flash           Conj/Hex       20%        N/A       21%         3
 Fulminant Prism          Conj/Hex       5%         3d7       56%         4
 Iskenderun's Mystic Bla  Conj/Tloc      10%        2d4       56%         4
 Alistair's Intoxication  Tmut/Pois      1%         N/A       99%         5


Dungeon Overview and Level Annotations

Branches:
Dungeon (2/15)

Altars:


Innate Abilities, Weirdness & Mutations

Your plain brown scales are hard. (AC +5)
You cannot fit into any form of body armour.
You are cold-blooded and may be slowed by cold attacks.


Message History

You are too injured to fight recklessly!
Aiming: Magic Dart (safe; 3% risk of failure)
Press: ? - help, Q - select action, (/) - cycle Shift-Dir - straight line, f/p - sleepcap
Aim: a sleepcap (moderately damaged, 100% to hit)
The magic dart hits the sleepcap.
The sleepcap is moderately damaged.
The sleepcap barely misses you.
Aiming: Magic Dart (safe; 3% risk of failure)
Press: ? - help, Q - select action, (/) - cycle Shift-Dir - straight line, f/p - sleepcap
Aim: a sleepcap (moderately damaged, 100% to hit)
The magic dart hits the sleepcap but does no damage.
The sleepcap is moderately damaged.
The sleepcap releases spores at you but does no damage.
Aiming: Magic Dart (safe; 3% risk of failure)
Press: ? - help, Q - select action, (/) - cycle Shift-Dir - straight line, f/p - sleepcap
Aim: a sleepcap (moderately damaged, 100% to hit)
The magic dart hits the sleepcap.
The sleepcap is heavily damaged.
The sleepcap releases spores at you.
Aiming: Magic Dart (safe; 3% risk of failure)
Press: ? - help, Q - select action, (/) - cycle Shift-Dir - straight line, f/p - sleepcap
Aim: a sleepcap (heavily damaged, 100% to hit)
The magic dart hits the sleepcap.
The sleepcap is heavily damaged.
The sleepcap releases spores at you.
* * * LOW HITPOINT WARNING * * *
Aiming: Magic Dart (safe; 3% risk of failure)
Press: ? - help, Q - select action, (/) - cycle Shift-Dir - straight line, f/p - sleepcap
Aim: a sleepcap (heavily damaged, 100% to hit)
The magic dart hits the sleepcap but does no damage.
The sleepcap is heavily damaged.
The sleepcap releases spores at you.
* * * LOW HITPOINT WARNING * * *
Aiming: Magic Dart (safe; 3% risk of failure)
Press: ? - help, Q - select action, (/) - cycle Shift-Dir - straight line, f/p - sleepcap
Aim: a sleepcap (heavily damaged, 100% to hit)
The magic dart hits the sleepcap.
The sleepcap is heavily damaged.
The sleepcap releases spores at you.
You die...

.. #.#.# ...
#.#.# ##
...##.#.# # ..
........# .# .#
...#....# ##.#
.# ##...## ...#
.# ##...####
...# #####f#
#......† ...#
##...@$#
##†..... [..#
#..#####
###.).... ..##
#.## #........
..# #.#
#.#......
..##########.###
#.#......
....#..........#
#.#(#..##
..#.#..........#
#.#.#..##
#...#..........#
#.#.#....
###.#####.######
#.#...###


You could see a sleepcap.

Vanquished Creatures
  An adder (D:2)
  A gnoll (D:1)
  A dart slug (D:2)
  2 ball pythons (D:2)
  2 endoplasms
  A giant cockroach (D:1)
  3 goblins (D:1)
  3 hobgoblins
  2 kobolds
  A quokka (D:2)
  2 bats
  4 rats
23 creatures vanquished.

Notes
Turn   | Place    | Note
-------+----------+-------------------------------------------
     0 | D:1      | cheesebisquit the Draconian Conjurer began the quest for
                  | the Orb.
     0 | D:1      | Reached XP level 1. HP: 14/14 MP: 3/3
   142 | D:1      | Reached skill level 1 in Fighting
   242 | D:1      | Reached XP level 2. HP: 24/24 MP: 0/5
   950 | D:2      | Reached XP level 3. HP: 31/31 MP: 2/6
  1417 | D:2      | Slain by a sleepcap

Illustrated notes

Levels and vault maps discovered:
D:1:      dpeg_arrival_lava_altar, layout_basic, minmay_statues_item,
          corexii_leaking_fountain
D:2:      layout_rooms, dreamdust_ecumenical_altar_statues

Skill      XL: |  1  2 |
---------------+-------+-----
Fighting       | 1 3 |  3.4
Dodging        | |  1.7
Stealth        | |  1.7
Spellcasting   | |  2.0
Conjurations   | |  4.0

Action                     || total
---------------------------++-------
  Melee: Spear             ||    21
         Unarmed           ||     2
         Tailslap          ||     1
         Hand axe          ||     3
   Cast: Magic Dart        ||    58
    Use: Potion            ||     1
 Armour: Skin              ||     3
  Dodge: Dodged            ||    17

Table legend: (Time is in decaauts)
 A = Elapsed time spent in this place.
 B = Non-inter-level travel time spent in this place.
 C = Inter-level travel time spent in this place.
 D = Time resting spent in this place.
 E = Time spent auto-exploring this place.
 F = Levels seen in this place.
 G = Mean time per level.
                   A        B        C        D        E       F      G
               +--------+--------+--------+--------+--------+-----+--------+
         Total |   1417 |   1372 |     45 |      0 |   1198 |   2 |  708.5 |
       Dungeon |   1417 |   1372 |     45 |      0 |   1198 |   2 |  708.5 |
               +--------+--------+--------+--------+--------+-----+--------+

Top non-repeatable levels by time:
     D:1: 936 daAuts
     D:2: 480 daAuts
